General information
- name: BNet
- type: Ladder 1vs1/FFA
- host: Battle.net
- saver: boba.0
map: LostTemple
- players: 2
- length: 15:27
- speed: Fast
- version: 1.24 W3XP
- replay type: Public
» download(45 KB)
Players
team 1 (loser)

»
Cinaed (
pink | 48 APM | 735 actions | 15:25)
4 Demon Hunter
2 Evasion
2 Mana Burn
1 Keeper of the Grove
1 Entangling Roots
1 Priestess of the Moon
1 Trueshot Aura
» actions
| Build / train | 52 | |
| Enter build submenu | 14 | |
| Enter hero's abilities submenu | 7 | |
| Remove unit from queue | 3 | |
| Right click | 284 | |
| Select / deselect | 345 | |
| Use ability | 29 | |
735 total
» units
» upgrades
| Strength of the Moon | 1 | |
| Moon Armor | 1 | |
2 total
» buildings
| Altar of Elders | 1 | |
| Moon Well | 6 | |
| Ancient of War | 2 | |
| Hunter's Hall | 1 | |
| Tree of Ages | 1 | |
| Ancient of Wonders | 1 | |
| Tree of Life | 1 | |
| Tree of Eternity | 1 | |
14 total
» build order
00:10 Altar of Elders
00:13 Moon Well
00:21 Ancient of War
02:08 Moon Well
02:44 Hunter's Hall
03:07 Moon Well
04:42 Moon Well
06:40 Tree of Ages
07:06 Moon Well
07:17 Ancient of Wonders
07:40 Ancient of War
08:19 Moon Well
08:52 Tree of Life
10:42 Tree of Eternity
» items
team 2 (winner)
boba.0 (
blue | 63 APM | 978 actions | 15:27)
4 Blademaster
2 Wind Walk
2 Critical Strike
» actions
| Assign group hotkey | 24 | |
| Basic commands | 38 | |
| Build / train | 45 | |
| Enter build submenu | 24 | |
| Enter hero's abilities submenu | 4 | |
| Give item / drop item | 2 | |
| Right click | 527 | |
| Select / deselect | 161 | |
| Select group hotkey | 98 | |
| Use ability | 55 | |
978 total
» units
| Peon | 16 | |
| Wind Rider | 3 | |
| Troll Batrider | 3 | |
22 total
» upgrades
| Ranged Weapons | 2 | |
| Liquid Fire | 1 | |
| Envenomed Spears | 2 | |
| Reinforced Defenses | 1 | |
6 total
» buildings
| Altar of Storms | 1 | |
| Orc Burrow | 7 | |
| Voodoo Lounge | 1 | |
| War Mill | 1 | |
| Watch Tower | 16 | |
| Stronghold | 1 | |
| Beastiary | 2 | |
| Fortress | 1 | |
| Great Hall | 1 | |
31 total
» build order
00:05 Altar of Storms
00:24 Orc Burrow
00:52 Voodoo Lounge
01:37 Orc Burrow
01:41 War Mill
03:08 Watch Tower
03:09 Watch Tower
03:37 Stronghold
04:11 Orc Burrow
05:04 Watch Tower
05:04 Watch Tower
05:06 Watch Tower
05:06 Watch Tower
05:25 Orc Burrow
06:02 Beastiary
06:04 Beastiary
08:28 Fortress
10:10 Watch Tower
10:11 Watch Tower
10:14 Watch Tower
11:21 Watch Tower
11:22 Watch Tower
11:22 Watch Tower
12:54 Great Hall
12:56 Watch Tower
12:57 Orc Burrow
13:52 Orc Burrow
13:52 Orc Burrow
14:00 Watch Tower
14:11 Watch Tower
14:11 Watch Tower
» items
| Healing Salve | 3 | |
| Lesser Clarity Potion | 4 | |
| Potion of Healing | 1 | |
| Boots of Speed | 1 | |
| Potion of Lesser Invulnerability | 1 | |
10 total
Chat log
(00:07 / All) Cinaed: gonna finish it this time, Boba?
(00:10 / All) boba.0: :))
(00:26 / All) Cinaed: glad to see you remember me
(00:35 / All) boba.0: youre the guy that got pissed and swore on the life of his daughter or something
(00:41 / All) boba.0: was pretty funny :)
(00:46 / All) Cinaed: no, I'm the guy that beat you earlier with the KotG
(00:54 / All) boba.0: no you didnt check my prof
(01:01 / All) boba.0: All my losses are undead lossbotting
(01:11 / All) boba.0: sorry youre thinking of the wrong game
(01:22 / All) Cinaed: ok,.
(01:44 / All) Cinaed: pretty sure I'm not, b/c I only played 1 game today
(01:51 / All) boba.0: check my prof if you want, no losses on orc
(02:00 / All) Cinaed: I'd love to
(02:05 / All) boba.0: you can pause if you want
(02:07 / All) boba.0: i wont unpause
(02:14 / All) Cinaed: no thanks; I never trust an orc
(02:19 / All) boba.0: face saving
(14:16 / All) Cinaed: lol, you pussy
(14:19 / All) boba.0: lol, u mad
(14:27 / All) Cinaed: annoyed, but not mad
(14:31 / All) boba.0: they always deny it
(15:22 / All) Cinaed: gg
(15:24 / All) boba.0: rofl